 Dungeon Crawl Stone Soup version 0.29-a0-892-g2c4c91d9db (webtiles) character file.

Game seed: 15714910187212588575

89 wilfster70 the Gusty (level 4, 0/33 HPs)
             Began as a Draconian Air Elementalist on July 22, 2022.
             Slain by a gnoll
             ... wielding a +0 spear
              (4 damage)
             ... on level 3 of the Dungeon.
             The game lasted 00:07:52 (2726 turns).

wilfster70 the Gusty (Draconian Air Elementalist)   Turns: 2726, Time: 00:07:53

Health: 0/33       AC:  5    Str: 11    XL:     4   Next: 31%
Magic:  13/17      EV: 12    Int: 17    God:
Gold:   102        SH:  0    Dex: 11    Spells: 5/8 levels left

rFire   . . .      SeeInvis .   a - +1 dagger
rCold   . . .      Faith    .   (no shield)
rNeg    . . .      Spirit   .   (body armour unavailable)
rPois   .          Reflect  .   (helmet restricted)
rElec   .          Harm     .   (no cloak)
rCorr   .          Rampage  .   (no gloves)
Will    .....                   (no boots)
Stlth   ++........              (no amulet)
HPRegen 0.11/turn               e - ring of magical power
MPRegen 0.15/turn               (no ring)

@: no status effects
A: AC +5, unfitting armour, cold-blooded
a: no special abilities


You were on level 3 of the Dungeon.
You visited 1 branch of the dungeon, and saw 3 of its levels.

You collected 102 gold pieces.

Inventory:

Hand Weapons
 a - a +1 dagger (weapon)
Missiles
 f - 5 boomerangs
Jewellery
 e - a ring of magical power (left hand)
 j - a +6 ring of dexterity
Scrolls
 g - a scroll of teleportation
Potions
 b - a potion of magic
 c - 3 potions of heal wounds {unknown}
 d - 2 potions of attraction {unknown}
 h - a potion of invisibility {unknown}
 i - a potion of ambrosia {unknown}
 k - a potion of curing {unknown}


   Skills:
 - Level 1.7 Dodging
 - Level 1.7 Stealth
 + Level 2.8 Spellcasting
 + Level 1.5 Conjurations
 * Level 4.4 Air Magic


You had 5 spell levels left.
You knew the following spells:

 Your Spells              Type           Power      Damage    Failure   Level
a - Shock                 Conj/Air       48%        1d6       5%          1
b - Static Discharge      Conj/Air       12%        3-5/arc   8%          2

Your spell library contained the following spells:

 Spells                   Type           Power      Damage    Failure   Level
 Swiftness                Air            17%        N/A       9%          3
 Airstrike                Air            8%         0-4+      28%         4


Dungeon Overview and Level Annotations

Branches:
Dungeon (3/15)

Altars:


Innate Abilities, Weirdness & Mutations

Your plain brown scales are hard. (AC +5)
You cannot fit into any form of body armour.
You are cold-blooded and may be slowed by cold attacks.


Message History

There is a stone staircase leading down here.
You climb downwards.
There is a stone staircase leading up, spattered with blood here.
The gnoll hits you from afar with a +0 spear.
The gnoll hits you with a +0 whip.
A goblin comes into view. It is wielding a +0 club.
The ball python hisses angrily.
The goblin shouts!
The ball python closely misses you. The ball python grabs you.
The ball python constricts you. The gnoll hits you with a +0 spear.
The gnoll hits you with a +0 whip.
Casting: Shock (safe; 5% risk of failure)
Confirm with . or Enter, or press ? or * to list all spells.
The gnoll is struck by an arc of lightning.
The gnoll is heavily wounded.
You are struck by an arc of lightning.
The ball python is struck by an arc of lightning!
You kill the ball python!
The lightning grounds out.
The gnoll hits you with a +0 spear. The gnoll barely misses you.
The gnoll hits you with a +0 spear. The gnoll hits you with a +0 whip.
* * * LOW HITPOINT WARNING * * *
Casting: Static Discharge (safe; 9% risk of failure)
Confirm with . or Enter, or press ? or * to list all spells.
The gnoll is struck by an arc of lightning.
The gnoll is almost dead.
You are struck by an arc of lightning.
* * * LOW HITPOINT WARNING * * *
The gnoll is struck by an arc of lightning.
You kill the gnoll!
The lightning grounds out.
The gnoll is struck by an arc of lightning.
The gnoll is moderately wounded.
You are struck by an arc of lightning.
* * * LOW HITPOINT WARNING * * *
The gnoll is struck by an arc of lightning.
The gnoll is severely wounded.
The lightning grounds out.
The gnoll hits you with a +0 spear.
* * * LOW HITPOINT WARNING * * *
The gnoll hits you with a +0 spear.
You die...

... # #.# ###.
#.# ....###.##
.........#
.........######
.......g†......
.......@g#
####....)#
#...<<# #######


You could see a gnoll and a goblin.

Vanquished Creatures
  3 gnolls
  A worm (D:2)
  3 dart slugs
  8 ball pythons
  7 bats
  3 endoplasms
  2 giant cockroaches (D:1)
  3 goblins
  4 hobgoblins (D:2)
  3 quokkas
  A frilled lizard (D:1)
  4 kobolds
  6 rats
48 creatures vanquished.

Notes
Turn   | Place    | Note
-------+----------+-------------------------------------------
     0 | D:1      | wilfster70 the Draconian Air Elementalist began the quest
                  | for the Orb.
     0 | D:1      | Reached XP level 1. HP: 14/14 MP: 3/3
   387 | D:1      | Reached XP level 2. HP: 20/20 MP: 3/5
   468 | D:1      | Found a faded altar of an unknown god.
  1047 | D:1      | Reached XP level 3. HP: 26/26 MP: 4/6
  1578 | D:2      | Reached skill level 4 in Air Magic
  1793 | D:2      | Learned a level 2 spell: Static Discharge
  2222 | D:2      | Found the +14 obsidian axe {vorpal, Mesm Drain Fly SInv}
  2615 | D:3      | Reached XP level 4. HP: 23/33 MP: 8/8
  2726 | D:3      | Slain by a gnoll

Illustrated notes

Levels and vault maps discovered:
D:1:      nagdon_arrival_zigzag_paths, layout_loops_ring,
          hellmonk_ecumenical_altar_leap_of_faith
D:2:      layout_basic, kennysheep_generic_room_2
D:3:      layout_rooms, serial_shops, shop

Skill      XL: |  1  2  3 |
---------------+----------+-----
Air Magic      | 4 |  4.4
Dodging        | |  1.7
Stealth        | |  1.7
Spellcasting   | |  2.8
Conjurations   | |  1.5

Action                   |  1- 3 |  4- 6 || total
-------------------------+-------+-------++-------
Melee: Unarmed           |    14 |       ||    14
       Tailslap          |     5 |       ||     5
       Dagger            |    18 |       ||    18
 Cast: Shock             |   100 |     2 ||   102
       Static Discharge  |     1 |     2 ||     3
  Use: Scroll            |     4 |       ||     4
Armor: Skin              |    36 |       ||    36
Dodge: Dodged            |    87 |     4 ||    91

Table legend: (Time is in decaauts)
 A = Elapsed time spent in this place.
 B = Non-inter-level travel time spent in this place.
 C = Inter-level travel time spent in this place.
 D = Time resting spent in this place.
 E = Time spent auto-exploring this place.
 F = Levels seen in this place.
 G = Mean time per level.
                   A        B        C        D        E       F      G
               +--------+--------+--------+--------+--------+-----+--------+
         Total |   2725 |   2681 |     44 |    815 |   1172 |   3 |  908.3 |
       Dungeon |   2725 |   2681 |     44 |    815 |   1172 |   3 |  908.3 |
               +--------+--------+--------+--------+--------+-----+--------+

Top non-repeatable levels by time:
     D:1: 1463 daAuts
     D:2: 1253 daAuts
     D:3: 9 daAuts
